General information
- name: BNet
- type: Ladder team game (AT/RT)
- host: Battle.net
- saver: DragonsHoard
map: GolemsInTheMist
- players: 8
- length: 38:47
- speed: Fast
- version: 1.26 W3XP
- replay type: Public
» download(192 KB)
Players
team 1 (winner)

»
Jackel23 (
green | 56 APM | 772 actions | 13:51)
4 Keeper of the Grove
2 Force of Nature
2 Entangling Roots
2 Priestess of the Moon
1 Trueshot Aura
1 Scout
» actions
| Assign group hotkey | 12 | |
| Basic commands | 73 | |
| Build / train | 49 | |
| Enter build submenu | 15 | |
| Enter hero's abilities submenu | 6 | |
| Remove unit from queue | 2 | |
| Right click | 242 | |
| Select / deselect | 193 | |
| Select group hotkey | 145 | |
| Use ability | 35 | |
772 total
» units
| Wisp | 15 | |
| Archer | 6 | |
| Hippogryph | 4 | |
| Goblin Shredder | 1 | |
26 total
» upgrades
| Improved Bows | 1 | |
| Hippogryph Taming | 1 | |
| Strength of the Moon | 1 | |
| Moon Armor | 1 | |
4 total
» buildings
| Altar of Elders | 1 | |
| Moon Well | 5 | |
| Ancient of War | 2 | |
| Ancient of Wonders | 1 | |
| Tree of Life | 2 | |
| Tree of Ages | 2 | |
| Ancient of Wind | 2 | |
| Hunter's Hall | 1 | |
| Tree of Eternity | 2 | |
18 total
» build order
00:09 Altar of Elders
00:20 Moon Well
01:37 Ancient of War
01:41 Ancient of War
01:57 Moon Well
02:08 Ancient of Wonders
02:52 Moon Well
03:54 Moon Well
05:14 Tree of Life
06:05 Tree of Ages
07:44 Moon Well
08:41 Ancient of Wind
08:47 Ancient of Wind
09:45 Hunter's Hall
11:08 Tree of Life
11:30 Tree of Eternity
» items
TheOrcishHoard (
orange | 109 APM | 4226 actions | 38:47)
4 Blademaster
2 Wind Walk
2 Critical Strike
» actions
| Assign group hotkey | 62 | |
| Basic commands | 350 | |
| Build / train | 172 | |
| ESC pressed | 15 | |
| Enter build submenu | 65 | |
| Enter hero's abilities submenu | 4 | |
| Give item / drop item | 11 | |
| Right click | 1338 | |
| Select / deselect | 536 | |
| Select group hotkey | 1454 | |
| Use ability | 219 | |
4226 total
» units
| Peon | 25 | |
| Grunt | 5 | |
| Goblin Shredder | 5 | |
| Goblin Zeppelin | 4 | |
| Wind Rider | 15 | |
| Wisp | 18 | |
| Goblin Sapper | 2 | |
74 total
» upgrades
| Pillage | 2 | |
| Armor | 3 | |
| Berserker Strength | 1 | |
| Ranged Weapons | 3 | |
| Envenomed Spears | 1 | |
| Liquid Fire | 1 | |
| Reinforced Defenses | 1 | |
| Troll Regeneration | 1 | |
| Backpack | 2 | |
| Ultravision | 1 | |
| Spiked Barricades | 3 | |
| Melee Weapons | 3 | |
| Berserker Upgrade | 1 | |
| Burning Oil | 1 | |
| Nature's Blessing | 2 | |
| Ensnare | 1 | |
| War Drums Damage Increase | 1 | |
| Well Spring | 1 | |
| Hardened Skin | 1 | |
| Druid of the Claw Training | 1 | |
| Shaman Training | 2 | |
| Witch Doctor Training | 2 | |
| Spirit Walker Training | 2 | |
| Strength of the Wild | 1 | |
| Strength of the Moon | 1 | |
| Moon Armor | 1 | |
| Reinforced Hides | 1 | |
41 total
» buildings
| Altar of Storms | 1 | |
| Orc Burrow | 6 | |
| Barracks | 1 | |
| Voodoo Lounge | 1 | |
| War Mill | 1 | |
| Great Hall | 2 | |
| Stronghold | 5 | |
| Watch Tower | 24 | |
| Fortress | 3 | |
| Beastiary | 4 | |
| Tree of Eternity | 4 | |
| Moon Well | 8 | |
| Spirit Lodge | 4 | |
64 total
» build order
00:06 Altar of Storms
00:09 Orc Burrow
00:22 Barracks
01:38 Orc Burrow
02:10 Voodoo Lounge
03:32 Orc Burrow
03:43 Orc Burrow
04:54 War Mill
05:11 Great Hall
05:43 Stronghold
05:44 Stronghold
06:15 Watch Tower
06:56 Watch Tower
06:59 Watch Tower
07:46 Watch Tower
07:52 Watch Tower
08:23 Watch Tower
09:12 Watch Tower
09:41 Great Hall
09:45 Fortress
09:45 Fortress
09:45 Fortress
10:50 Beastiary
10:58 Beastiary
11:04 Beastiary
11:06 Beastiary
12:28 Watch Tower
12:34 Watch Tower
13:11 Watch Tower
13:12 Watch Tower
13:16 Watch Tower
14:00 Stronghold
14:00 Stronghold
15:19 Watch Tower
16:23 Watch Tower
16:24 Watch Tower
16:25 Watch Tower
16:26 Watch Tower
17:18 Orc Burrow
17:21 Orc Burrow
25:38 Tree of Eternity
25:38 Tree of Eternity
25:38 Tree of Eternity
27:38 Moon Well
27:39 Moon Well
27:40 Moon Well
27:41 Moon Well
27:58 Spirit Lodge
28:00 Spirit Lodge
28:01 Spirit Lodge
28:06 Spirit Lodge
28:53 Moon Well
28:54 Moon Well
28:59 Moon Well
29:00 Moon Well
32:32 Watch Tower
32:34 Watch Tower
32:35 Watch Tower
32:36 Watch Tower
32:37 Watch Tower
32:38 Watch Tower
32:41 Watch Tower
» items
| Healing Salve | 5 | |
| Scroll of Town Portal | 2 | |
| Orb of Lightning | 3 | |
| Potion of Healing | 3 | |
| Orb of Venom | 1 | |
14 total

»
fluffykins (
red | 45 APM | 770 actions | 17:01)
2 Demon Hunter
1 Immolation
1 Evasion
1 Keeper of the Grove
1 Force of Nature
» actions
| Basic commands | 36 | |
| Build / train | 45 | |
| Enter build submenu | 18 | |
| Enter hero's abilities submenu | 3 | |
| Right click | 384 | |
| Select / deselect | 238 | |
| Use ability | 46 | |
770 total
» units
| Wisp | 14 | |
| Archer | 5 | |
| Huntress | 1 | |
| Dryad | 5 | |
| Mountain Giant | 4 | |
| Goblin Shredder | 4 | |
| Glaive Thrower | 1 | |
34 total
» upgrades
| Abolish Magic | 1 | |
| Reinforced Hides | 1 | |
| Strength of the Wild | 1 | |
3 total
» buildings
| Altar of Elders | 1 | |
| Moon Well | 7 | |
| Ancient of War | 1 | |
| Tree of Ages | 1 | |
| Ancient of Wonders | 1 | |
| Hunter's Hall | 1 | |
| Ancient of Lore | 2 | |
| Ancient Protector | 3 | |
17 total
» build order
00:10 Altar of Elders
00:18 Moon Well
00:37 Ancient of War
01:24 Moon Well
03:35 Tree of Ages
03:39 Ancient of Wonders
03:43 Moon Well
04:11 Hunter's Hall
04:56 Moon Well
06:18 Ancient of Lore
06:40 Moon Well
07:00 Ancient of Lore
07:41 Ancient Protector
10:39 Moon Well
11:21 Moon Well
12:17 Ancient Protector
15:00 Ancient Protector
» items

»
Lord_Ramzy (
purple | 42 APM | 1619 actions | 38:47)
4 Mountain King
2 Storm Bolt
2 Bash
3 Paladin
2 Holy Light
1 Divine Shield
» actions
| Assign group hotkey | 74 | |
| Basic commands | 203 | |
| Build / train | 96 | |
| ESC pressed | 11 | |
| Enter build submenu | 19 | |
| Enter hero's abilities submenu | 6 | |
| Remove unit from queue | 3 | |
| Right click | 366 | |
| Select / deselect | 308 | |
| Select group hotkey | 479 | |
| Use ability | 53 | |
1619 total
» units
| Peasant | 21 | |
| Footman | 16 | |
| Goblin Shredder | 1 | |
| Siege Engine | 13 | |
| Knight | 12 | |
63 total
» upgrades
| Plating | 3 | |
| Swords | 3 | |
| Lumber Harvesting | 2 | |
| Masonry | 3 | |
| Gunpowder | 3 | |
| Barrage | 1 | |
| Animal War Training | 1 | |
16 total
» buildings
| Farm | 13 | |
| Altar of Kings | 1 | |
| Barracks | 1 | |
| Keep | 1 | |
| Lumber Mill | 1 | |
| Blacksmith | 1 | |
| Town Hall | 1 | |
| Castle | 1 | |
| Workshop | 3 | |
| Scout Tower | 2 | |
| Arcane Tower | 2 | |
27 total
» build order
00:19 Farm
00:21 Farm
00:38 Altar of Kings
00:46 Barracks
01:29 Farm
02:23 Farm
05:07 Keep
05:51 Lumber Mill
05:57 Blacksmith
06:12 Farm
06:13 Farm
07:49 Town Hall
09:16 Castle
09:36 Workshop
09:38 Workshop
09:40 Workshop
09:47 Farm
09:50 Farm
09:51 Farm
11:16 Farm
12:46 Scout Tower
12:51 Scout Tower
13:19 Arcane Tower
13:41 Arcane Tower
13:46 Farm
13:52 Farm
13:53 Farm
team 2 (loser)
JackWang (
blue | 124 APM | 461 actions | 03:42)
1 Archmage
1 Summon Water Elemental
» actions
| Assign group hotkey | 60 | |
| Basic commands | 7 | |
| Build / train | 25 | |
| ESC pressed | 1 | |
| Enter build submenu | 10 | |
| Enter hero's abilities submenu | 1 | |
| Right click | 171 | |
| Select / deselect | 60 | |
| Select group hotkey | 106 | |
| Use ability | 20 | |
461 total
» units
» buildings
| Farm | 4 | |
| Altar of Kings | 1 | |
| Barracks | 1 | |
| Lumber Mill | 1 | |
| Scout Tower | 3 | |
10 total
» build order
00:21 Farm
00:26 Altar of Kings
00:36 Barracks
00:51 Farm
01:21 Lumber Mill
01:34 Farm
02:23 Farm
03:39 Scout Tower
03:39 Scout Tower
03:40 Scout Tower
DragonsHoard (
pink | 47 APM | 1826 actions | 38:47)
7 Blademaster
3 Wind Walk
3 Critical Strike
1 Bladestorm
» actions
| Assign group hotkey | 42 | |
| Basic commands | 207 | |
| Build / train | 50 | |
| Enter build submenu | 49 | |
| Enter hero's abilities submenu | 7 | |
| Give item / drop item | 6 | |
| Remove unit from queue | 19 | |
| Right click | 756 | |
| Select / deselect | 354 | |
| Select group hotkey | 156 | |
| Use ability | 178 | |
1826 total
» units
| Peon | 8 | |
| Grunt | 3 | |
| Goblin Shredder | 2 | |
| Raider | 6 | |
19 total
» upgrades
| Melee Weapons | 3 | |
| Armor | 3 | |
| Ensnare | 1 | |
| Reinforced Defenses | 1 | |
| Pillage | 1 | |
9 total
» buildings
| Orc Burrow | 4 | |
| Altar of Storms | 1 | |
| Barracks | 1 | |
| War Mill | 2 | |
| Voodoo Lounge | 1 | |
| Stronghold | 3 | |
| Watch Tower | 32 | |
| Beastiary | 3 | |
| Great Hall | 3 | |
| Fortress | 1 | |
51 total
» build order
00:12 Orc Burrow
00:57 Altar of Storms
00:58 Barracks
01:18 Orc Burrow
01:47 War Mill
03:05 Voodoo Lounge
03:30 Stronghold
03:54 Orc Burrow
04:15 Watch Tower
04:17 Watch Tower
05:55 Beastiary
05:55 Beastiary
08:02 Great Hall
09:57 Great Hall
10:01 Watch Tower
10:57 Watch Tower
11:41 Watch Tower
11:44 Watch Tower
11:46 Watch Tower
11:46 Watch Tower
11:51 Watch Tower
12:45 Watch Tower
12:48 Watch Tower
12:51 Watch Tower
12:52 Watch Tower
12:53 Watch Tower
13:30 Stronghold
15:48 Stronghold
15:53 Watch Tower
15:53 Watch Tower
15:55 Great Hall
16:01 Watch Tower
16:02 Watch Tower
16:03 Watch Tower
16:23 Watch Tower
16:25 Watch Tower
16:26 Watch Tower
17:08 Watch Tower
18:04 Watch Tower
18:13 Watch Tower
18:14 Watch Tower
18:20 Watch Tower
18:20 Watch Tower
18:20 Watch Tower
18:21 Watch Tower
18:21 Watch Tower
20:39 Fortress
20:54 War Mill
21:13 Beastiary
22:13 Orc Burrow
» items
| Healing Salve | 4 | |
| Lesser Clarity Potion | 1 | |
| Potion of Healing | 2 | |
| Potion of Mana | 1 | |
| Scroll of Town Portal | 1 | |
9 total
muskokabeaver (
teal | 44 APM | 696 actions | 15:55)
3 Demon Hunter
2 Immolation
1 Evasion
2 Priestess of the Moon
1 Trueshot Aura
1 Searing Arrows
» actions
| Basic commands | 4 | |
| Build / train | 48 | |
| Enter build submenu | 15 | |
| Enter hero's abilities submenu | 5 | |
| Remove unit from queue | 4 | |
| Right click | 391 | |
| Select / deselect | 201 | |
| Use ability | 28 | |
696 total
» units
» upgrades
| Strength of the Moon | 2 | |
| Moon Armor | 2 | |
| Improved Bows | 1 | |
5 total
» buildings
| Altar of Elders | 1 | |
| Moon Well | 7 | |
| Ancient of Wonders | 1 | |
| Ancient of War | 3 | |
| Hunter's Hall | 2 | |
| Tree of Ages | 1 | |
| Tree of Life | 1 | |
| Tree of Eternity | 1 | |
17 total
» build order
00:04 Altar of Elders
00:09 Moon Well
01:24 Moon Well
01:37 Ancient of Wonders
02:55 Moon Well
03:01 Moon Well
03:34 Ancient of War
03:40 Hunter's Hall
04:18 Ancient of War
04:24 Ancient of War
04:29 Hunter's Hall
04:32 Tree of Ages
05:17 Moon Well
06:52 Tree of Life
09:25 Moon Well
09:31 Tree of Ages
11:17 Moon Well
14:29 Tree of Eternity
thequestionmark (
yellow | 14 APM | 543 actions | 38:47)
1 Blood Mage
1 Flame Strike
» actions
| Basic commands | 57 | |
| Build / train | 44 | |
| Enter build submenu | 9 | |
| Enter hero's abilities submenu | 1 | |
| Right click | 67 | |
| Select / deselect | 325 | |
| Use ability | 31 | |
543 total
» units
» buildings
| Altar of Kings | 1 | |
| Farm | 4 | |
| Barracks | 2 | |
| Arcane Vault | 2 | |
| Keep | 1 | |
10 total
» build order
01:29 Altar of Kings
01:36 Farm
01:39 Farm
01:52 Barracks
01:58 Arcane Vault
02:15 Farm
02:56 Barracks
11:23 Keep
12:33 Arcane Vault
13:19 Farm
» items
Chat log
(00:06 / Allies) JackWang: tower rush
(00:10 / Allies) thequestionmark: omg
(00:12 / Allies) JackWang: follow me later
(00:13 / Allies) thequestionmark: noob shit strat
(00:18 / All) TheOrcishHoard: Finally, Golems
(00:25 / All) TheOrcishHoard: Haven't gotten it in a while
(00:30 / Allies) DragonsHoard: I probably won't aid your tower rush
(00:47 / Allies) thequestionmark: ya man that strat is stupid
(00:48 / All) TheOrcishHoard: It's one of the better maps in this new terrible pool
(00:56 / All) TheOrcishHoard: Better than shit like Fullscale
(00:59 / All) TheOrcishHoard: I vetoed it
(01:01 / All) thequestionmark: do us a favor.... stfu
(01:11 / Allies) DragonsHoard: Yellow is a question mark
(01:30 / Allies) DragonsHoard: can I get some resources buddy?
(01:46 / Allies) muskokabeaver: lmfao
(01:48 / Allies) thequestionmark: who u talkin to?
(01:59 / Allies) muskokabeaver: are you drunk
(02:07 / Allies) thequestionmark: what u think i wasnt going to use them?
(02:14 / Allies) DragonsHoard: I was thinking that, yes
(02:20 / Allies) muskokabeaver: lol
(02:38 / Allies) thequestionmark: i can sit here like a bump on a log if you want me too?
(02:40 / Allies) JackWang: go dude
(02:56 / Allies) DragonsHoard: You do you, I'll do me bud
(03:19 / All) thequestionmark: absolute moron/////
(03:38 / Allies) thequestionmark: lol
(03:40 / All) thequestionmark: a battle
(03:45 / All) DragonsHoard: Wow
(05:31 / Allies) DragonsHoard: someone want to use blue?
(05:36 / Allies) thequestionmark: i got him
(05:38 / Allies) DragonsHoard: k
(07:17 / Allies) DragonsHoard: You're a douchebag
(07:23 / Allies) DragonsHoard: I knew you'd be a faggot
(08:15 / Allies) DragonsHoard: gold me teal
(09:07 / Allies) DragonsHoard: gold me teal or it's gg
(09:26 / Allies) DragonsHoard: Teal
(09:28 / Allies) DragonsHoard: Gold me you idiot
(09:47 / Allies) DragonsHoard: gold me dumb fuck
(10:05 / Allies) DragonsHoard: more for towers
(10:30 / All) TheOrcishHoard: misclicked that lightning shield
(10:46 / All) muskokabeaver: lol
(10:48 / All) muskokabeaver: thx'
(11:15 / Allies) DragonsHoard: kill this
(12:12 / Allies) DragonsHoard: tp teal
(14:06 / All) TheOrcishHoard: Red is a tker
(14:15 / All) TheOrcishHoard: He is trying to kill me
(14:18 / All) thequestionmark: so am i :)
(14:19 / All) TheOrcishHoard: and failing horribly lol
(14:24 / Allies) DragonsHoard: stay
(14:25 / Allies) DragonsHoard: he has ankh
(14:36 / Allies) DragonsHoard: fucking dman it
(14:37 / All) DragonsHoard: well
(14:42 / All) DragonsHoard: Teal is fucking retarded
(14:52 / All) DragonsHoard: KILL YELLOW TEAL
(14:54 / All) DragonsHoard: WTF YOU RETARD
(15:03 / Allies) DragonsHoard: mass repair
(15:08 / Allies) DragonsHoard: fucking idiot man
(15:11 / Allies) DragonsHoard: repair teal
(15:20 / Allies) DragonsHoard: why save that base retard?
(15:22 / Allies) DragonsHoard: he is using it to tk
(15:29 / All) DragonsHoard: TEal
(15:36 / All) DragonsHoard: You are the dumbest person I've met on this game
(15:58 / Allies) DragonsHoard: great
(15:59 / All) TheOrcishHoard: You can leave red
(16:31 / All) thequestionmark: i bet im a better tker than noob red
(16:40 / All) DragonsHoard: No
(16:44 / All) DragonsHoard: teal and blue are retarded
(16:45 / All) TheOrcishHoard: Probably, he killed 2 peons for his army which is kind of funny
(16:49 / All) TheOrcishHoard: maybe 3 peons
(16:54 / All) DragonsHoard: You only got my hall because blue left
(17:16 / All) thequestionmark: no i got both ur halls cux u suck
(17:27 / All) DragonsHoard: You barely got my main
(17:28 / All) thequestionmark: & all your towers
(17:35 / All) DragonsHoard: and only because blue left and used him retarded faggot
(17:41 / All) thequestionmark: :)
(17:41 / All) DragonsHoard: 2 towers
(17:53 / All) DragonsHoard: and then teal was fucking retarded/oblivious
(18:14 / All) thequestionmark: what did u guys do to red to make him tk?
(18:26 / All) thequestionmark: oh ojs is tking
(18:30 / All) thequestionmark: i c
(18:51 / All) thequestionmark: oj u suck
(19:15 / All) TheOrcishHoard: Oh?
(19:34 / All) thequestionmark: im gonna save this rp lmao
(19:45 / All) TheOrcishHoard: So are we
(19:53 / All) TheOrcishHoard: We upload to http://highper.ch what about you?
(20:00 / All) thequestionmark: dnt 4get pinks expo
(20:11 / All) thequestionmark: nah i save them 4 my self
(20:20 / All) TheOrcishHoard: Do you masturbate to them?
(20:27 / All) thequestionmark: no oj i do not
(21:19 / Allies) DragonsHoard: lol
(21:20 / Allies) DragonsHoard: you failed
(21:21 / Allies) DragonsHoard: faggot
(21:33 / All) DragonsHoard: YOU LOSE
(21:35 / All) DragonsHoard: GOOD DAY SIR
(22:25 / All) DragonsHoard: Teal seriously is the dumbest person I've yet encountered on this game
(22:26 / All) TheOrcishHoard: This grunt is putting in work, he has survived all game
(22:36 / All) thequestionmark: SERIOUSLY HE WAS
(22:43 / All) thequestionmark: i think i shoulda tked him 1st
(22:52 / All) DragonsHoard: you wouldn't have got me if you had
(23:00 / All) thequestionmark: i said teal
(23:02 / All) DragonsHoard: I didn't think you were gonna militia tp
(23:09 / All) DragonsHoard: yeah if you tked him you wouldn't have got my hall
(23:19 / All) thequestionmark: i would have actually
(23:26 / All) DragonsHoard: no you wouldn't have
(23:39 / All) thequestionmark: i got both of them... u just rebuilt
(23:47 / All) DragonsHoard: You got one and then my expo when teal wouldn't kill you off
(23:50 / All) DragonsHoard: while green was attacking me
(23:58 / All) DragonsHoard: if you halled teal you wouldn't have got me
(23:58 / All) thequestionmark: still got u so shut up
(24:19 / All) thequestionmark: damn we just might win this game
(24:20 / All) TheOrcishHoard: He is the last one on your team remaining, he is clearly the best player
(24:21 / All) DragonsHoard: the little surprise
(24:25 / All) DragonsHoard: is what got me
(24:30 / All) DragonsHoard: I thought yo uwere gonna do that
(24:36 / All) DragonsHoard: until you built barracks and said you'd take blue
(24:43 / All) thequestionmark: i lied
(24:53 / All) DragonsHoard: I know...
(25:06 / All) DragonsHoard: teal blue and yellow are the dumbest people I've ever met on battle net
(25:08 / All) DragonsHoard: that's saying a lot
(25:10 / All) thequestionmark: u just wernt smart enough to kill me when u had trhe chance
(25:23 / All) DragonsHoard: I didn't have a chance
(25:24 / All) DragonsHoard: I'm orc
(25:28 / All) DragonsHoard: you're human and can just militia tp
(25:40 / All) thequestionmark: u mass grunt and kill me
(25:45 / All) DragonsHoard: I had to survive it but you used blue too
(25:53 / All) DragonsHoard: okay but then I'm fucked for the rest of the game dummy
(25:59 / All) TheOrcishHoard: I will kill every building on my team to give you the loss, purple
(26:03 / All) TheOrcishHoard: You can leave
(26:09 / All) TheOrcishHoard: Or be put in a standoff
(26:12 / All) TheOrcishHoard: Your choice
(26:33 / All) TheOrcishHoard: Do you even know what a standoff is?
(26:36 / All) DragonsHoard: oops didn't get pillage
(26:44 / All) TheOrcishHoard: I'm enjoying this
(26:46 / All) TheOrcishHoard: It's not a waste of time
(27:38 / Allies) thequestionmark: make more units
(27:41 / Allies) DragonsHoard: why
(27:51 / Allies) thequestionmark: so u can win faster
(28:14 / Allies) thequestionmark: and to spend that gold too
(29:23 / All) TheOrcishHoard: What did he do that was so retarded?
(29:27 / All) TheOrcishHoard: I'll have to see the replay
(29:41 / All) DragonsHoard: While yellow was killing my expo
(29:48 / All) DragonsHoard: teal went north to try to save blue's base
(29:59 / All) DragonsHoard: when yellow was using blue to TK
(30:13 / All) DragonsHoard: and he ran off instaed of waiting for green to revive with ankh
(30:17 / All) TheOrcishHoard: lol
(30:23 / All) DragonsHoard: I told him to stay he had ankh
(30:29 / All) DragonsHoard: he gave me 200 gold after I repeatedly asked
(30:35 / All) DragonsHoard: he had 1k+
(30:39 / All) DragonsHoard: I needed it to remake hall
(30:46 / All) DragonsHoard: and towers
(30:58 / All) DragonsHoard: He was fucking bottom of the barrel stupid
(31:33 / All) thequestionmark: haha
(31:34 / All) DragonsHoard: then blue I don't even know wtf he was doing
(31:41 / All) DragonsHoard: he is a TKer
(31:45 / All) thequestionmark: blue was an idiot
(31:47 / All) DragonsHoard: oh
(31:50 / All) DragonsHoard: no he isn't lol
(31:52 / All) DragonsHoard: wow
(31:54 / All) DragonsHoard: check his naem
(32:02 / All) DragonsHoard: He is just a tremendous faggot
(32:09 / All) DragonsHoard: check his stats
(32:21 / Allies) thequestionmark: 5 wins 4 losses
(32:36 / All) DragonsHoard: 198-231
(32:42 / All) DragonsHoard: I was trying to placate him somewhat too
(32:45 / All) TheOrcishHoard: Was just about to stats him
(32:46 / All) TheOrcishHoard: nice
(32:49 / All) DragonsHoard: bitch must be on the rag
(32:53 / All) TheOrcishHoard: he is almost like KUM_2_SOON but legit instead of a leaver
(33:13 / All) DragonsHoard: I knew something was fishy but then I was like okay maybe he's just slow building
(33:16 / All) DragonsHoard: because he made two barracks
(33:21 / All) thequestionmark: buddy i play the game... thats all... i loose some i win some
(33:37 / All) thequestionmark: i wasnt foing to tk till noob blue left
(33:49 / All) DragonsHoard: Oh
(33:52 / All) thequestionmark: then u said i wAS drunk
(33:59 / All) DragonsHoard: You gave up and wanted to be a fag in the meantime
(33:59 / All) thequestionmark: so i was like ok its on
(34:03 / All) DragonsHoard: I didn't say that
(34:04 / All) thequestionmark: :D
(34:07 / All) DragonsHoard: check the chat
(34:13 / All) DragonsHoard: someone else said that
(34:13 / All) thequestionmark: somebody did
(34:23 / All) DragonsHoard: I just said you were a question mark
(34:36 / All) DragonsHoard: but you're like the dudes that only TK when game is in hand
(34:37 / All) thequestionmark: i cant go back that far in the chat..
(34:41 / All) DragonsHoard: passive aggressive tk
(34:46 / All) DragonsHoard: won't risk the game
(34:49 / All) thequestionmark: its all good dawg
(34:58 / All) DragonsHoard: but when you're destroying last buildign they'll try to snipe your hero
(34:59 / All) TheOrcishHoard: I've had some of my best games from stabbing early
(35:01 / All) thequestionmark: i usually dont tk
(35:04 / All) DragonsHoard: last base
(35:10 / All) TheOrcishHoard: like that game where someone claimed to be a saudi prince and insulted me
(35:15 / All) TheOrcishHoard: even looked up the prince's legit name
(35:18 / All) thequestionmark: hahahahaha
(35:19 / All) DragonsHoard: yellow doesn't TK
(35:28 / All) TheOrcishHoard: That game was on my Dssn forum account too
(35:30 / All) DragonsHoard: He's a dumb cunt
(35:42 / All) TheOrcishHoard: Just my units left now, 0 food on my team
(35:46 / All) TheOrcishHoard: Yellow do you know the rules?
(35:50 / All) TheOrcishHoard: Pink and I are killing everything
(35:52 / All) TheOrcishHoard: including our own stuff
(35:57 / All) TheOrcishHoard: no side will be able to win
(35:57 / All) thequestionmark: congrats
(36:00 / All) TheOrcishHoard: Best internet wins
(36:04 / All) TheOrcishHoard: You have an equal chance of winning to purple
(36:06 / All) TheOrcishHoard: Sound fair?
(36:10 / All) thequestionmark: idc
(36:13 / All) thequestionmark: im just here
(36:17 / All) thequestionmark: nothing esle to do
(36:20 / All) TheOrcishHoard: obviously you do care or you would have left
(36:27 / All) thequestionmark: i dont bud
(36:32 / All) DragonsHoard: he wanted me to win faster lol
(37:23 / All) TheOrcishHoard: My side is done
(37:26 / All) TheOrcishHoard: let me know when yours is
(38:44 / All) DragonsHoard: See ya, faggot.